 Dungeon Crawl Stone Soup version 0.31-a0-229-g1fc7ce93e2 (webtiles) character file.

Game seed: 4805020207669512605

66 qw the Shooter (level 4, -6/26 HPs)
             Began as a Gargoyle Hexslinger on July 6, 2023.
             Mangled by an ice beast (11 damage)
             ... on level 3 of the Dungeon.
             The game lasted 00:00:40 (1423 turns).

qw the Shooter (Gargoyle Hexslinger)                Turns: 1423, Time: 00:00:40

Health: -6/26      AC:  5    Str: 12    XL:     4   Next: 15%
Magic:  5/5        EV: 12    Int: 13    God:
Gold:   111        SH:  0    Dex: 14    Spells: 4/5 levels left

rFire   . . .        Y - +1 sling
rCold   . . .        (no shield)
rNeg    + . .        c - +0 robe
rPois   inf          (no helmet)
rElec   +            (no cloak)
rCorr   .            (no gloves)
SInv    .            (no boots)
Will    .....        j - amulet of regeneration
Stlth   +            (no ring)
HPRegen 1.04/turn    (no ring)
MPRegen 0.09/turn

%: no passive effects
@: no status effects
A: sickness immunity, AC +3, negative energy resistance 1, electricity
resistance, torment resistance 1, petrification resistance
a: no special abilities


You were on level 3 of the Dungeon.
You visited 1 branch of the dungeon, and saw 3 of its levels.

You collected 111 gold pieces.


Innate Abilities, Weirdness & Mutations

You are immune to sickness and miasma.
Your stone body is resilient. (AC +3)
You are immune to poison.
You resist negative energy. (rN+)
You are resistant to electric shocks. (rElec)
You are resistant to unholy torment.
You are immune to petrification.


   Skills:
 - Level 2.0 Fighting
 + Level 4.0 Ranged Weapons
 - Level 1.5 Dodging
 - Level 1.0 Spellcasting
 - Level 2.6 Hexes


You had 4 spell levels left.
You knew the following spells:

 Your Spells              Type           Power      Damage    Failure   Level
a - Slow                  Hex            28%        N/A       10%         1

Your spell library contained the following spells:

 Spells                   Type           Power      Damage    Failure   Level
 Inner Flame              Hex/Fire       4%         N/A       43%         3
 Portal Projectile        Hex/Tloc       8%         N/A       43%         3
 Cause Fear               Hex            3%         N/A       67%         4

Inventory:

Hand Weapons
 Y - a +1 sling (weapon)
Armour
 b - a +0 leather armour
 c - a +0 robe (worn)
Jewellery
 j - an amulet of regeneration (around neck)
Scrolls
 a - 4 scrolls of identify
Potions
 d - 2 potions of might
 e - a potion of berserk rage {unknown}
 f - a potion of resistance {unknown}
 g - a potion of lignification {unknown}
 k - a potion of attraction {unknown}

Dungeon Overview and Level Annotations

Branches:
Dungeon (3/15)

Altars:


Message History

Your Ranged Weapons skill increases to level 4!
You see here a +0 flail.
Found 5 stones.
g - a puce potion You now have 111 gold pieces (gained 7).
You see here a +0 flail.
You see here a +0 morningstar.
An ice beast comes into view.
Enter note: You shoot a sling bullet.
The sling bullet hits the ice beast!
The ice beast is moderately wounded.
You shoot a sling bullet.
The sling bullet barely misses the ice beast.
You shoot a sling bullet.
The sling bullet hits the ice beast but does no damage.
The ice beast is moderately wounded.
You shoot a sling bullet.
The sling bullet hits the ice beast but does no damage.
The ice beast is moderately wounded.
You shoot a sling bullet. The sling bullet hits the ice beast.
The ice beast is moderately wounded.
You shoot a sling bullet. The sling bullet hits the ice beast.
The ice beast is heavily wounded.
The ice beast misses you.
You shoot a sling bullet.
The sling bullet barely misses the ice beast.
The ice beast misses you.
You shoot a sling bullet.
The sling bullet hits the ice beast but does no damage.
The ice beast is heavily wounded.
The ice beast hits you. The ice beast freezes you!
You shoot a sling bullet.
The sling bullet barely misses the ice beast.
The ice beast closely misses you.
You shoot a sling bullet.
The sling bullet hits the ice beast but does no damage.
The ice beast is heavily wounded.
The ice beast hits you. The ice beast freezes you! The ice beast hits you.
The ice beast freezes you!
You die...

#........#####.#.#...#
#........# #...#.#.#
###.....#### #####.#.##
.........# #..#..#
####.....# ##.###.#
........# ###..#.#..
######### ####...##.##.
#..?.#####....###...##
#....@.....)..)...#...
......Y#####....###...##
....... ####...##.##.
....... ###..#(#..
....... ##.###.# .......
#..#..# ....... ##.#.##
....#.. #.#!# #...#


You could see an ice beast.

Vanquished Creatures
  An adder (D:1)
  2 dart slugs (D:1)
  An orc (D:3)
  5 ball pythons
  3 bats
  10 endoplasms
  2 giant cockroaches
  5 goblins
  3 hobgoblins
  3 jackals (D:1)
  2 kobolds (D:1)
  2 quokkas
  A frilled lizard (D:2)
  2 rats
42 creatures vanquished.

Notes
Turn   | Place    | Note
-------+----------+-------------------------------------------
     0 | D:1      | qw the Gargoyle Hexslinger began the quest for the Orb.
     0 | D:1      | Reached XP level 1. HP: 12/12 MP: 2/2
     0 | D:1      | 0 ||| qw: Version: 0.3-a-46-gb1f654a
     0 | D:1      | 0 ||| qw: Game counter: 1095
     0 | D:1      | 0 ||| qw: Melee chars always use a shield: true
     0 | D:1      | 0 ||| qw: God list: Okawaru
     0 | D:1      | 0 ||| qw: Allow faded altars: false
     0 | D:1      | 0 ||| qw: Do Orc after clearing Dungeon:15 true
     0 | D:1      | 0 ||| qw: Do second Lair branch before Depths: true
     0 | D:1      | 0 ||| qw: Lair rune preference: random
     0 | D:1      | 0 ||| qw: Goals: Normal
     0 | D:1      | 0 ||| PLANNING D:1-11
   224 | D:1      | Reached XP level 2. HP: 16/16 MP: 3/3
   265 | D:1      | Reached skill level 3 in Ranged Weapons
   466 | D:1      | Reached XP level 3. HP: 16/21 MP: 4/4
   635 | D:1      | 635 ||| UPGRADING to amulet of regeneration.
   640 | D:1      | 640 ||| READING scroll labelled BIKKITOAL.
   645 | D:1      | 645 ||| READING scroll labelled FEOCHU SAOH.
   646 | D:1      | 646 ||| READING scroll labelled VECKIU DEYLEOPUFF.
   647 | D:1      | 647 ||| READING scroll labelled MEZ CICUTSOFO.
   648 | D:1      | 648 ||| READING scroll labelled GEKKAKOCIR.
   649 | D:1      | 649 ||| READING scroll labelled CIDORO BIULEL.
   650 | D:1      | 650 ||| DRINKING 3 sapphire potions.
   651 | D:1      | 651 ||| DROPPING scroll of poison.
   682 | D:2      | 682 ||| STAIRDANCE
   703 | D:2      | 703 ||| STAIRDANCE
  1082 | D:2      | Reached XP level 4. HP: 26/26 MP: 5/5
  1202 | D:2      | Found a faded altar of an unknown god.
  1273 | D:2      | 1273 ||| DROPPING amulet of magic regeneration.
  1274 | D:2      | 1274 ||| DROPPING ring of magical power.
  1275 | D:2      | 1275 ||| READING scroll labelled HASMIB ULYGAZO.
  1276 | D:2      | 1276 ||| DRINKING 2 fizzy pink potions.
  1277 | D:2      | 1277 ||| DROPPING potion of brilliance.
  1379 | D:3      | Reached skill level 4 in Ranged Weapons
  1413 | D:3      | Noticed an ice beast
  1423 | D:3      | HP: 5/26 [ice beast (2)]
  1423 | D:3      | Mangled by an ice beast

Levels and vault maps discovered:
D:1:      heliophobic_arrival_henge, layout_basic
D:2:      layout_basic, dreamdust_ecumenical_altar_angels_and_demons
D:3:      minmay_general_purpose_star, layout_basic, yredelemnul_altar_generic,
          mainiacjoe_overflow_catwalk_spiral, uniq_ijyb

Skill      XL: |  1  2  3  4 |
---------------+-------------+-----
Ranged Weapons | 3 4 |  4.0
Fighting       | 2 |  2.0
Dodging        | |  1.5
Spellcasting   | |  1.0
Hexes          | |  2.6

Action                     |  1- 3 |  4- 6 || total
---------------------------+-------+-------++-------
   Fire: Sling             |   109 |    27 ||   136
    Use: Scroll            |     6 |     1 ||     7
         Potion            |     1 |     1 ||     2
 Armour: Robe              |    34 |       ||    34
  Dodge: Dodged            |    58 |     5 ||    63

Table legend:
 A = Non-vault XP
 B = Vault XP
 C = Vault XP percentage of total XP
 D = Non-vault monster count
 E = Vault monster count
 F = Vault count percentage of total count
                 A         B        C        D         E       F
            +---------+---------+-------+---------+---------+-------
      Total |      90 |       5 |   5.3 |      40 |       2 |   4.8
            +---------+---------+-------+---------+---------+-------
        D:1 |      62 |       0 |   0.0 |      24 |       0 |   0.0
        D:2 |      24 |       0 |   0.0 |      14 |       0 |   0.0
        D:3 |       4 |       5 |  55.6 |       2 |       2 |  50.0
            +---------+---------+-------+---------+---------+-------
